[Event "Titled Tuesday Blitz November 01 Early 2022"]
[White "Mirzoev, Azer"]
[Black "Nozdrachev, Leonid"]
[WhiteFideId "13400304"]
[BlackFideId "24113433"]
[WhiteElo "2525"]
[BlackElo "2249"]
[Result "1-0"]
[Round "08"]
[TimeControl "180+1"]
[Date "2022.11.02"]
[WhiteClock "0:00:07"]
[BlackClock "0:00:32"]

1. c4 e5 2. e3 Nf6 3. Nc3 Bb4 4. Nge2 O-O 5. a3 Be7 6. d4 exd4 7. Nxd4 d5 8. Nf3 c6 9. cxd5 cxd5 10. Be2 Nc6 11. O-O Bg4 12. b4 Rc8 13. Bb2 Bxf3 14. Bxf3 d4 15. exd4 Qxd4 16. Na4 Qf4 17. g3 Qg5 18. h4 Qb5 19. Nc3 Qc4 20. Qe2 Nd4 21. Qd1 Rcd8 22. Re1 Nb3 23. Qe2 Qxe2 24. Rxe2 Nxa1 25. Rxe7 Nb3 26. Rxb7 Nd2 27. Be2 Rfe8 28. Kg2 Nb3 29. Bc4 Rd2 30. Bxb3 Rc8 31. Na4 Nd5 32. Bxd5 Rxd5 33. Nc5 a5 34. Bc1 axb4 35. axb4 h5 36. Be3 Ra8 37. Rd7 Ra2 38. Rxd5 1-0


[Site "https://www.chess.com"]

[Event "Titled Tuesday Blitz November 01 Early 2022"]
[White "Najdin, Danil"]
[Black "Dehtiarov, Roman"]
[WhiteFideId "4172426"]
[BlackFideId "14186640"]
[WhiteElo "2240"]
[BlackElo "2200"]
[Result "1-0"]
[Round "08"]
[TimeControl "180+1"]
[Date "2022.11.02"]
[WhiteClock "0:00:40"]
[BlackClock "0:00:49"]

1. e4 e5 2. Nf3 Nc6 3. Bb5 a6 4. Ba4 Nf6 5. O-O Be7 6. Re1 b5 7. Bb3 d6 8. c3 O-O 9. h3 Nb8 10. a4 Bb7 11. axb5 axb5 12. Rxa8 Bxa8 13. d3 c5 14. Bg5 Re8 15. Nbd2 h6 16. Bxf6 Bxf6 17. Nf1 g6 18. Ne3 Nd7 19. Bd5 Nb6 20. Bxa8 Qxa8 21. Qa1 Kg7 22. h4 h5 23. g3 Qc6 24. b3 Ra8 25. Qb2 c4 26. bxc4 bxc4 27. dxc4 Nxc4 28. Nxc4 Qxc4 29. Qb4 Qxb4 30. cxb4 Rb8 31. Rb1 Rb5 32. Nd2 Be7 33. Nc4 f5 34. f3 Kf6 35. Ne3 Ke6 36. Nd5 Bd8 37. Kf2 Kd7 38. Ke3 Bb6+ 39. Kd3 Bf2 40. Kc4 Rb8 41. b5 Bxg3 42. b6 Bxh4 43. Kb5 Bf2 44. Rb2 Bd4 45. Rg2 fxe4 46. fxe4 Rg8 47. Nf6+ Ke6 48. Nxg8 Kf7 49. b7 Ba7 50. Ra2 Bb8 51. Ra8 Bc7 52. Rc8 h4 53. Rxc7+ Ke6 54. b8=Q d5 55. Re7# 1-0


[Site "https://www.chess.com"]

[Event "Titled Tuesday Blitz November 01 Early 2022"]
[White "Nakamura, Hikaru"]
[Black "Jobava, Baadur"]
[WhiteFideId "2016192"]
[BlackFideId "13601520"]
[WhiteElo "3241"]
[BlackElo "3104"]
[Result "1-0"]
[Round "08"]
[TimeControl "180+1"]
[Date "2022.11.01"]
[WhiteClock "0:00:21"]
[BlackClock "0:00:07"]

1. d4 Nf6 2. Bg5 e6 3. e4 h6 4. Bxf6 Qxf6 5. c3 b6 6. g3 Bb7 7. Bg2 Qd8 8. Nd2 Be7 9. Ne2 O-O 10. O-O d5 11. Re1 Re8 12. exd5 Bxd5 13. Bxd5 Qxd5 14. Nf4 Qd7 15. Qg4 e5 16. Qxd7 Nxd7 17. dxe5 Bg5 18. Nf3 Rad8 19. Nd3 c5 20. Rad1 c4 21. Nb4 Nxe5 22. Nxe5 Rxd1 23. Rxd1 Rxe5 24. f4 Re2 25. fxg5 Rxb2 26. gxh6 gxh6 27. Rd7 a5 28. Nd5 b5 29. Rb7 Kg7 30. a4 b4 31. cxb4 Rd2 32. Rb5 axb4 33. Nxb4 c3 34. Rc5 Rd4 35. Rxc3 Rxb4 36. Ra3 Rb6 37. a5 Ra6 38. Kg2 Kf6 39. Kf3 Ke5 40. Ra1 h5 41. Ra4 Kf5 42. h4 Ke5 43. g4 hxg4+ 44. Kxg4 f5+ 45. Kf3 Kf6 46. Kf4 Kg6 47. Ra1 Kh5 48. Kxf5 Kxh4 49. Ke5 Kg5 50. Kd5 Kf6 51. Kc5 Ke7 52. Kb5 Ra8 53. a6 Kd6 54. a7 Kc7 55. Ka6 Rg8 56. Rc1+ Kd6 57. Kb7 Rg7+ 58. Kb8 Rg8+ 59. Rc8 Rxc8+ 60. Kxc8 1-0


[Site "https://www.chess.com"]

[Event "Titled Tuesday Blitz November 01 Early 2022"]
[White "Namitbir Singh Walia"]
[Black "Johnson, Ben"]
[WhiteFideId "35071068"]
[BlackFideId "2010917"]
[WhiteElo "2239"]
[BlackElo "2127"]
[Result "1-0"]
[Round "08"]
[TimeControl "180+1"]
[Date "2022.11.02"]
[WhiteClock "0:01:39"]
[BlackClock "0:00:01"]

1. d4 Nf6 2. c4 e6 3. Nf3 d5 4. g3 dxc4 5. Bg2 c5 6. O-O Nc6 7. dxc5 Qxd1 8. Rxd1 Bxc5 9. Nbd2 c3 10. bxc3 O-O 11. Nb3 Be7 12. a4 e5 13. a5 a6 14. Be3 Rd8 15. Bb6 Rxd1+ 16. Rxd1 Nd7 17. Nfd2 Nxb6 18. axb6 a5 19. Bxc6 bxc6 20. Nc4 a4 21. Nba5 Ba6 22. b7 Bxb7 23. Nxe5 Rxa5 24. Nc4 Ra8 25. Rd7 1-0


[Site "https://www.chess.com"]

[Event "Titled Tuesday Blitz November 01 Early 2022"]
[White "Narayanan, Srinath"]
[Black "Mladenovic, Stefan"]
[WhiteFideId "5018420"]
[BlackFideId "942227"]
[WhiteElo "2459"]
[BlackElo "2337"]
[Result "1-0"]
[Round "08"]
[TimeControl "180+1"]
[Date "2022.11.01"]
[WhiteClock "0:00:09"]
[BlackClock "0:00:11"]

1. d4 Nf6 2. Bf4 e6 3. e3 c5 4. Nd2 cxd4 5. exd4 b6 6. Ngf3 Bb7 7. a4 a6 8. Bd3 Be7 9. O-O O-O 10. Qe2 d6 11. a5 bxa5 12. Nb3 Nc6 13. Bd2 Nd5 14. Nxa5 Nxa5 15. Bxa5 Qd7 16. Qd2 Nf6 17. Qe3 Nd5 18. Qe4 f5 19. Qe2 Nf4 20. Qe3 Nxd3 21. Qxd3 Bf6 22. Nd2 Qc6 23. f3 g6 24. Bc3 e5 25. dxe5 dxe5 26. Qc4+ Kg7 27. Qxc6 Bxc6 28. Rfe1 Rfe8 29. Nc4 e4 30. Bxf6+ Kxf6 31. f4 Red8 32. Ne3 a5 33. Red1 a4 34. Kf2 Ke6 35. Ke1 Rdb8 36. Ra2 Rb4 37. c3 Rb7 38. Rd4 Rab8 39. Rd2 g5 40. g3 gxf4 41. gxf4 Rg7 42. Kf2 Rbg8 43. Ra1 Rb8 44. Rad1 Rd7 45. Nc4 Rd5 46. Ke3 a3 47. Nxa3 Rxb2 48. Rxb2 Rxd1 49. Rb6 Kd7 50. Nc4 Rd3+ 51. Kf2 Rxc3 52. Ne5+ Kc7 53. Ra6 Rc2+ 54. Ke3 Bb7 55. Rh6 Rc3+ 56. Kd4 Rc1 57. Rxh7+ Kb6 58. Nc4+ Ka6 59. Rh6+ Ka7 60. Nd6 Bc6 61. Nxf5 Rd1+ 62. Kc3 Rd3+ 63. Kc2 Rf3 64. Rxc6 Rxf4 65. Ne3 Rf2+ 66. Kc3 Rxh2 67. Kd4 Kb7 68. Re6 Rd2+ 69. Kc5 Rd3 70. Nd5 Rd1 71. Re7+ Kc8 72. Kd6 e3 73. Rxe3 Kb7 74. Rb3+ Kc8 75. Rc3+ Kd8 76. Rc2 Rd3 77. Rh2 Kc8 78. Kc6 Kb8 79. Rh7 Rd1 80. Rh8+ Ka7 81. Kc5 Rc1+ 82. Kd6 Ka6 83. Rb8 Ka5 84. Ne7 Ka4 85. Nc6 Ka3 86. Kd5 Rc2 87. Nd4 Rc1 88. Ke4 Ka4 89. Kd3 Ka5 90. Nb3+ Ka6 91. Nxc1 Ka7 92. Rb2 Ka6 93. Kc3 Ka5 94. Nd3 Ka4 95. Kc4 Ka3 96. Rb4 Ka2 97. Rb3 Ka1 98. Kc3 Ka2 99. Kc2 Ka1 100. Ra3# 1-0


[Site "https://www.chess.com"]

[Event "Titled Tuesday Blitz November 01 Early 2022"]
[White "Nurmanova, Alua"]
[Black "Stoyanov, Tsvetan"]
[WhiteFideId "13729390"]
[BlackFideId "2917173"]
[WhiteElo "2088"]
[BlackElo "2349"]
[Result "1-0"]
[Round "08"]
[TimeControl "180+1"]
[Date "2022.11.02"]
[WhiteClock "0:00:45"]
[BlackClock "0:00:04"]

1. e4 c5 2. Nf3 d6 3. d4 cxd4 4. Nxd4 Nf6 5. Nc3 a6 6. Bg5 e6 7. f4 h6 8. Bh4 Qb6 9. a3 Be7 10. Bc4 Nxe4 11. Bxe7 Nxc3 12. bxc3 Kxe7 13. O-O Nc6 14. Kh1 Qc5 15. Qd3 Bd7 16. Rae1 d5 17. Bb3 Rhc8 18. f5 Nxd4 19. cxd4 Qc3 20. fxe6 Bxe6 21. Qf5 Kd6 22. Qe5+ Kc6 23. Re3 Qa5 24. c4 Kb6 25. cxd5 Qb5 26. Rfe1 Bd7 27. a4 Qb4 28. Qxg7 Ka7 29. Qxf7 Bxa4 30. Bxa4 Qxa4 31. Re7 Qb4 32. d6 Rf8 33. Qd5 Rad8 34. Qc5+ Qxc5 35. dxc5 Rf5 36. c6 1-0


[Site "https://www.chess.com"]

[Event "Titled Tuesday Blitz November 01 Early 2022"]
[White "Odegov, Artem"]
[Black "Lauridsen, Jesper Morch"]
[WhiteFideId "34183644"]
[BlackFideId "1401890"]
[WhiteElo "2298"]
[BlackElo "2283"]
[Result "1-0"]
[Round "08"]
[TimeControl "180+1"]
[Date "2022.11.02"]
[WhiteClock "0:01:16"]
[BlackClock "0:00:01"]

1. d4 d5 2. c4 e6 3. Nf3 c5 4. cxd5 exd5 5. Nc3 Nc6 6. g3 Nf6 7. Bg2 cxd4 8. Nxd4 Bc5 9. Nb3 Bb6 10. O-O d4 11. Na4 O-O 12. Bf4 Re8 13. h3 Nd5 14. Bd2 Bf5 15. Rc1 Be4 16. Bxe4 Rxe4 17. Nac5 Re7 18. Kg2 Qd6 19. Nd3 Rae8 20. Re1 h5 21. h4 Ne5 22. Nf4 Nxf4+ 23. Bxf4 Qd5+ 24. Kg1 Nf3+ 25. exf3 Rxe1+ 26. Qxe1 Rxe1+ 27. Rxe1 Qxf3 28. Nd2 Qd3 29. Re5 g6 30. Re8+ Kg7 31. Be5+ f6 32. Bf4 Qc2 33. Re7+ Kf8 34. Rxb7 Qxb2 35. Kg2 d3 36. Rd7 Qxa2 37. Rxd3 Qa6 38. Rd6 Qb7+ 39. Nf3 Kf7 40. Rd3 a5 41. Kg1 Qc6 42. Nd2 a4 43. Rd6 Qc1+ 44. Kg2 Ba5 45. Ne4 1-0


[Site "https://www.chess.com"]

[Event "Titled Tuesday Blitz November 01 Early 2022"]
[White "Ohanyan, Emin"]
[Black "Grandelius, Nils"]
[WhiteFideId "13312022"]
[BlackFideId "1710400"]
[WhiteElo "2797"]
[BlackElo "2937"]
[Result "1-0"]
[Round "08"]
[TimeControl "180+1"]
[Date "2022.11.01"]
[WhiteClock "0:00:06"]
[BlackClock "0:00:10"]

1. e4 e5 2. Nc3 Bc5 3. f4 d6 4. Nf3 Nc6 5. Bb5 Ne7 6. d3 O-O 7. Bxc6 Nxc6 8. f5 Nd4 9. Nxd4 exd4 10. Ne2 d5 11. Ng3 dxe4 12. dxe4 Re8 13. O-O Bd6 14. Bf4 b6 15. Qg4 Bxf4 16. Rxf4 d3 17. cxd3 Qxd3 18. Nh5 Qd4+ 19. Kh1 g6 20. Qg5 Rd8 21. Nf6+ Kg7 22. Nxh7 Ba6 23. Rg1 Rd6 24. f6+ Kg8 25. Qh6 1-0


[Site "https://www.chess.com"]

[Event "Titled Tuesday Blitz November 01 Early 2022"]
[White "Omariev, Maksim"]
[Black "Balkum, Alexander"]
[WhiteFideId "4193423"]
[BlackFideId "2005069"]
[WhiteElo "2409"]
[BlackElo "2333"]
[Result "0-1"]
[Round "08"]
[TimeControl "180+1"]
[Date "2022.11.02"]
[WhiteClock "0:00:06"]
[BlackClock "0:00:11"]

1. e4 c5 2. Nf3 Nc6 3. d4 cxd4 4. Nxd4 Nf6 5. Nc3 d6 6. Bg5 e6 7. Qd2 a6 8. O-O-O h6 9. Bf4 Bd7 10. Nb3 Be7 11. Bxd6 O-O 12. Be2 b5 13. e5 Nd5 14. Nxd5 exd5 15. Qxd5 Bg5+ 16. Kb1 Re8 17. g3 Rc8 18. f4 Be6 19. Qe4 Be7 20. f5 Bxb3 21. Bxe7 Bxc2+ 22. Qxc2 Qxe7 23. e6 fxe6 24. Bh5 Rf8 25. fxe6 Qxe6 26. Rhe1 Qf6 27. Qb3+ Kh8 28. Ka1 Nd4 29. Rxd4 Qxd4 30. Bg6 Qd2 31. Rb1 Rc1 32. h4 Rff1 33. a3 Rxb1+ 34. Bxb1 Qd1 35. Qxd1 Rxd1 36. Ka2 Rg1 37. h5 Rxg3 38. b4 Rg5 39. Be4 Rxh5 40. Bb7 Rh2+ 41. Kb3 g5 42. Bxa6 g4 43. Bxb5 g3 44. a4 g2 45. a5 g1=Q 46. Bc4 Qa7 47. a6 Rh4 48. b5 Rxc4 49. Kxc4 Qb6 50. Kd5 Qxb5+ 51. Kd6 Qxa6+ 52. Kc7 h5 53. Kb8 h4 54. Kc7 h3 55. Kb8 Qa7+ 56. Kxa7 h2 57. Kb8 h1=Q 58. Kc8 Qh7 59. Kd8 Kg7 60. Kc8 Kf6 61. Kd8 Ke6 62. Ke8 Qe7# 0-1


[Site "https://www.chess.com"]

[Event "Titled Tuesday Blitz November 01 Early 2022"]
[White "Oparin, Grigoriy"]
[Black "Harsh Suresh"]
[WhiteFideId "24125890"]
[BlackFideId "45018464"]
[WhiteElo "3005"]
[BlackElo "2784"]
[Result "1-0"]
[Round "08"]
[TimeControl "180+1"]
[Date "2022.11.01"]
[WhiteClock "0:00:09"]
[BlackClock "0:00:06"]

1. d4 g6 2. e4 Nf6 3. Nf3 Nxe4 4. c4 Bg7 5. Bd3 Nf6 6. O-O O-O 7. Re1 d6 8. Nc3 Re8 9. Bg5 Bg4 10. h3 Bxf3 11. Qxf3 c6 12. Re2 Nbd7 13. Rae1 Qa5 14. Bh4 e5 15. dxe5 Nxe5 16. Qg3 Nh5 17. Qe3 Qb6 18. Qd2 Re6 19. Re4 f5 20. Na4 Qa6 21. c5 Qxd3 22. Qxd3 Nxd3 23. Rxe6 Nxe1 24. cxd6 Nd3 25. d7 Kf7 26. Rd6 Nxb2 27. Nxb2 Bxb2 28. d8=Q Rxd8 29. Rxd8 Ke6 30. Rb8 b5 31. Rb7 Bd4 32. Kf1 h6 33. g4 Nf4 34. gxf5+ Kxf5 35. Rf7+ Ke4 36. Bf6 Bb6 37. h4 c5 38. Bg7 h5 39. f3+ Kxf3 40. Bh6 c4 41. Rxf4+ Kg3 42. Rf6 Kxh4 43. Rxg6 Bd4 44. Ke2 Bb2 45. Rg1 c3 46. Bg5+ Kh3 47. Kf3 Kh2 48. Rg2+ Kh3 49. Bf4 c2 50. Rh2# 1-0


[Site "https://www.chess.com"]

[Event "Titled Tuesday Blitz November 01 Early 2022"]
[White "Orlov, Georgi"]
[Black "Ismayil, Malak"]
[WhiteFideId "2011271"]
[BlackFideId "13412604"]
[WhiteElo "2570"]
[BlackElo "1879"]
[Result "1-0"]
[Round "08"]
[TimeControl "180+1"]
[Date "2022.11.02"]
[WhiteClock "0:01:04"]
[BlackClock "0:00:12"]

1. e4 e5 2. Nf3 Nc6 3. Bc4 Bc5 4. c3 Nf6 5. d4 exd4 6. cxd4 Bb4+ 7. Kf1 O-O 8. a3 Ba5 9. d5 Ne7 10. e5 Ne8 11. d6 cxd6 12. exd6 Nf5 13. Bf4 Qb6 14. b4 Bxb4 15. axb4 Nexd6 16. Qb3 Ne4 17. Be3 Qf6 18. Ra2 a6 19. Bd5 Ned6 20. Nbd2 Re8 21. Bg5 Qg6 22. h4 Qh5 23. Bf4 Nb5 24. g4 Qxg4 25. Bxf7+ Kh8 26. Bxe8 Qxf4 27. Qf7 h6 28. Qf8+ Kh7 29. Ng5+ 1-0


[Site "https://www.chess.com"]

[Event "Titled Tuesday Blitz November 01 Early 2022"]
[White "Osinovsky, Stepan"]
[Black "Kvaloy, Aksel Bu"]
[WhiteFideId "4157354"]
[BlackFideId "1528815"]
[WhiteElo "2222"]
[BlackElo "2178"]
[Result "1-0"]
[Round "08"]
[TimeControl "180+1"]
[Date "2022.11.02"]
[WhiteClock "0:01:04"]
[BlackClock "0:00:19"]

1. Nf3 d5 2. g3 g6 3. Bg2 Bg7 4. O-O e5 5. d3 Nc6 6. e4 Nge7 7. Nc3 dxe4 8. dxe4 O-O 9. Nd5 Nxd5 10. exd5 Nd4 11. Nxd4 exd4 12. Bf4 Bf5 13. Qd2 Qd7 14. Rfe1 Bh3 15. Bxh3 Qxh3 16. Be5 Bxe5 17. Rxe5 Qg4 18. Rd1 Rfd8 19. Qxd4 Qxd4 20. Rxd4 Rd7 21. c4 b6 22. Rde4 Kf8 23. b4 a5 24. b5 h5 25. f4 Kg7 26. Kf2 Kf6 27. a4 Rad8 28. Kf3 Rd6 29. Re7 R6d7 30. Rxd7 Rxd7 31. Re8 Kf5 32. h3 Kf6 33. Ke4 Re7+ 34. Rxe7 Kxe7 35. f5 g5 36. g4 hxg4 37. hxg4 f6 38. Kd4 Kd7 39. c5 Kc8 40. d6 cxd6 41. cxb6 Kb7 42. Kd5 Kxb6 43. Kxd6 Kb7 44. Ke6 Kb6 45. Kxf6 Kc5 46. Kxg5 Kb4 47. b6 Kxa4 48. b7 Ka3 49. b8=Q Ka2 50. Qa7 a4 51. Qxa4+ Kb2 52. Qc6 Kb1 53. f6 Kb2 54. f7 Kb3 55. f8=Q Ka2 56. Qb8 Ka3 57. Qca8# 1-0


[Site "https://www.chess.com"]

[Event "Titled Tuesday Blitz November 01 Early 2022"]
[White "Ozdemir, Serhan Berat"]
[Black "Parligras, Mircea-Emilian"]
[WhiteFideId "6374611"]
[BlackFideId "1204297"]
[WhiteElo "2016"]
[BlackElo "2507"]
[Result "1/2-1/2"]
[Round "08"]
[TimeControl "180+1"]
[Date "2022.11.02"]
[WhiteClock "0:00:03"]
[BlackClock "0:00:27"]

1. e4 c6 2. d4 d5 3. exd5 cxd5 4. c4 Nf6 5. Nc3 Nc6 6. Bg5 Be6 7. Be2 h6 8. Bxf6 exf6 9. Bf3 Bb4 10. Ne2 O-O 11. O-O Ne7 12. c5 g5 13. Qb3 Ba5 14. Ng3 Rb8 15. Rfe1 a6 16. Qd1 f5 17. Nh5 Ng6 18. Be2 b6 19. cxb6 Bxb6 20. Bxa6 g4 21. Qd2 Kh7 22. Nf4 Qg5 23. g3 Nxf4 24. Qxf4 Qxf4 25. gxf4 Bxd4 26. Rab1 Rxb2 27. Rxb2 Bxc3 28. Rxe6 fxe6 29. Rb7+ Kg6 30. a4 Ba5 31. Bb5 Rc8 32. Re7 Kf6 33. Rh7 Rc1+ 34. Kg2 Kg6 35. Re7 Re1 36. Be8+ Kf6 37. Rf7+ Kg6 38. Ra7+ Kf6 39. Rxa5 Ke7 40. Bb5 Re4 41. Ra7+ Kd6 42. Rh7 Rxf4 43. Rxh6 Rb4 44. h3 gxh3+ 45. Rxh3 d4 46. f4 Kd5 47. Rh6 Rb2+ 48. Kf3 Rb3+ 49. Ke2 Rb2+ 50. Kd3 Rb3+ 51. Kd2 Rf3 52. Bd7 Rxf4 53. Rxe6 Rf2+ 54. Re2 Rf3 55. Bb5 Kc5 56. Re5+ Kb4 57. Re2 Ra3 58. Re7 Kc5 59. Rc7+ Kd5 60. Rc8 Ra2+ 61. Kd3 Ra3+ 62. Kd2 Ra2+ 63. Rc2 Ra3 64. Bc6+ Ke5 65. Bb5 Kd5 66. Rc8 1/2-1/2


[Site "https://www.chess.com"]

[Event "Titled Tuesday Blitz November 01 Early 2022"]
[White "Ozen, Bahadir"]
[Black "Agasarov, Benik"]
[WhiteFideId "6337058"]
[BlackFideId "13314823"]
[WhiteElo "2503"]
[BlackElo "2152"]
[Result "1-0"]
[Round "08"]
[TimeControl "180+1"]
[Date "2022.11.01"]
[WhiteClock "0:02:04"]
[BlackClock "0:01:48"]

1. g3 Nf6 2. Bg2 e6 3. d3 d5 4. Nf3 Be7 5. O-O O-O 6. Nbd2 a5 7. a4 Nc6 8. c3 e5 9. e4 dxe4 10. dxe4 h6 11. Re1 Be6 12. Qe2 Nd7 13. Nc4 Bf6 14. Be3 Qe7 15. Nfd2 Nc5 16. f4 Rad8 17. f5 Bc8 18. Red1 Bg5 19. h4 Bxe3+ 20. Nxe3 Nd3 21. Ndc4 Nc5 22. Nd5 Qe8 23. Nxc7 Qe7 24. Nd5 Qe8 25. Qe3 Nb3 26. Ra3 Ncd4 27. cxd4 exd4 1-0


[Site "https://www.chess.com"]

[Event "Titled Tuesday Blitz November 01 Early 2022"]
[White "Pakleza, Zbigniew"]
[Black "Salem, A.R. Saleh"]
[WhiteFideId "1119290"]
[BlackFideId "9301348"]
[WhiteElo "2411"]
[BlackElo "2628"]
[Result "0-1"]
[Round "08"]
[TimeControl "180+1"]
[Date "2022.11.01"]
[WhiteClock "0:00:09"]
[BlackClock "0:00:58"]

1. d4 Nf6 2. Nf3 e6 3. Bf4 c5 4. c3 Nc6 5. e3 b6 6. Nbd2 cxd4 7. cxd4 Bb7 8. h3 Be7 9. a3 Rc8 10. Bd3 h6 11. Qe2 O-O 12. O-O d6 13. e4 Nd7 14. Bg3 e5 15. d5 Ncb8 16. b4 g6 17. Ne1 Nf6 18. Bh2 Rc3 19. g4 Nh7 20. Nef3 Qd7 21. Rfc1 Rfc8 22. Rxc3 Rxc3 23. Bg3 Bc8 24. Qf1 Qc7 25. Nc4 Ng5 26. Nxg5 Bxg5 27. f3 Ba6 28. Nxe5 dxe5 29. Bxa6 Nxa6 30. Qxa6 Rxf3 31. Kg2 Rxg3+ 32. Kxg3 Qc3+ 33. Kg2 Qb2+ 34. Kf3 Qxa1 35. Qxa7 Qf1+ 36. Kg3 Bf4+ 37. Kh4 Qf2# 0-1


[Site "https://www.chess.com"]

[Event "Titled Tuesday Blitz November 01 Early 2022"]
[White "Palacio,Igor Da Paz"]
[Black "Jarocka, Liwia"]
[WhiteFideId "2121140"]
[BlackFideId "21807558"]
[WhiteElo "2126"]
[BlackElo "1989"]
[Result "0-1"]
[Round "08"]
[TimeControl "180+1"]
[Date "2022.11.02"]
[WhiteClock "0:00:01"]
[BlackClock "0:00:34"]

1. e4 e6 2. d3 d5 3. Nd2 c5 4. Ngf3 Nc6 5. g3 Nf6 6. Bg2 Be7 7. O-O b6 8. Re1 Bb7 9. a3 O-O 10. e5 Nd7 11. h4 h6 12. h5 Qc7 13. Qe2 d4 14. a4 Rfe8 15. Nc4 a6 16. Bf4 b5 17. Na3 Na7 18. Qd2 Rac8 19. axb5 Nxb5 20. Nxb5 axb5 21. Ra5 Qb6 22. Rea1 Bf8 23. Ra7 Ra8 24. Rxa8 Rxa8 25. Rxa8 Bxa8 26. Qe1 c4 27. Nd2 Bxg2 28. Kxg2 Bb4 29. Qe4 Bxd2 30. Bxd2 cxd3 31. cxd3 Qb8 32. Bb4 Qxe5 33. Qxe5 Nxe5 34. Bc5 Nxd3 35. Bxd4 e5 36. Bc3 b4 37. Bd2 f6 38. Kf3 Nxb2 39. Bxb4 Nd3 40. Bd2 Nc5 41. Be3 Ne6 42. Kg2 Kf7 43. Kh3 f5 44. Bd2 Kf6 45. Kh4 g5+ 46. hxg6 Kxg6 47. Kh3 Ng5+ 48. Kg2 Ne4 49. Be3 h5 50. Kf3 Nf6 51. Ba7 Nd5 52. Bb8 e4+ 53. Kg2 Kg5 54. Bd6 Kg4 55. Bb8 Nb4 0-1


[Site "https://www.chess.com"]

[Event "Titled Tuesday Blitz November 01 Early 2022"]
[White "Pap, Gyula"]
[Black "Adnan, Habib"]
[WhiteFideId "725323"]
[BlackFideId "11202270"]
[WhiteElo "2519"]
[BlackElo "2110"]
[Result "1-0"]
[Round "08"]
[TimeControl "180+1"]
[Date "2022.11.02"]
[WhiteClock "0:01:29"]
[BlackClock "0:00:01"]

1. d4 Nf6 2. c4 g6 3. Nc3 Bg7 4. e4 d6 5. Be2 O-O 6. Bg5 c5 7. d5 b5 8. cxb5 a6 9. a4 axb5 10. axb5 Rxa1 11. Qxa1 Nbd7 12. Nf3 Qb6 13. O-O Bb7 14. Nd2 Ra8 15. Qb1 Ne5 16. h3 h6 17. Be3 Qc7 18. Qc2 e6 19. dxe6 fxe6 20. Ncb1 Ned7 21. b4 Rc8 22. Rc1 Ba8 23. bxc5 Nxc5 24. e5 Qb7 25. Bf3 Nd5 26. exd6 Nxe3 27. Bxb7 Nxc2 28. Bxc8 Bb7 29. Bxb7 Nxb7 30. Rxc2 Nxd6 31. b6 Bd4 32. Rc6 Ne8 33. Nf3 1-0


[Site "https://www.chess.com"]

[Event "Titled Tuesday Blitz November 01 Early 2022"]
[White "Papasimakopoulos, Alexandros"]
[Black "Ibarra Jerez, Jose Carlos"]
[WhiteFideId "4244125"]
[BlackFideId "2226332"]
[WhiteElo "2809"]
[BlackElo "2946"]
[Result "1-0"]
[Round "08"]
[TimeControl "180+1"]
[Date "2022.11.01"]
[WhiteClock "0:01:10"]
[BlackClock "0:01:39"]

1. d4 Nf6 2. c4 d6 3. Nf3 g6 4. Nc3 Bf5 5. Nh4 Bd7 6. e4 e5 7. Nf3 exd4 8. Nxd4 Bg7 9. Be2 O-O 10. O-O Re8 11. f3 Nc6 12. Nc2 Nh5 13. g4 Nf6 14. Bg5 h6 15. Bh4 Be6 16. Ne3 g5 17. Bg3 Nd7 18. Nf5 Bxf5 19. gxf5 Be5 20. Qd2 Nd4 21. Kh1 c6 22. f4 gxf4 23. Bxf4 Qh4 24. Rg1+ Kh7 25. Rg4 Qf2 26. Bxe5 dxe5 27. Rf1 Nf3 28. Qxh6+ Kxh6 29. Rxf2 Nd4 30. Rfg2 Kh5 31. Rg5+ Kh6 32. Rh5# 1-0


[Site "https://www.chess.com"]

[Event "Titled Tuesday Blitz November 01 Early 2022"]
[White "Petrovic, Aleksa"]
[Black "Grot, Blazej"]
[WhiteFideId "967629"]
[BlackFideId "21835845"]
[WhiteElo "2242"]
[BlackElo "1739"]
[Result "0-1"]
[Round "08"]
[TimeControl "180+1"]
[Date "2022.11.02"]
[WhiteClock "0:00:30"]
[BlackClock "0:01:23"]

1. e4 c5 2. Nc3 e6 3. g3 Nc6 4. Bg2 Nf6 5. Nge2 d5 6. exd5 exd5 7. Nf4 d4 8. Ncd5 Nxd5 9. Nxd5 Be6 10. Nf4 Bf5 11. O-O Be7 12. d3 O-O 13. Re1 Qd7 14. Bf3 Rae8 15. g4 Bg6 16. Nxg6 hxg6 17. Kg2 Bd6 18. Rxe8 Rxe8 19. h4 Qe7 20. Bg5 Qe5 21. Qh1 Nb4 22. Bd2 Nxc2 23. Rc1 Ne3+ 24. fxe3 Qg3+ 25. Kf1 dxe3 26. Re1 Qf2# 0-1


[Site "https://www.chess.com"]

[Event "Titled Tuesday Blitz November 01 Early 2022"]
[White "Pinheiro, Iung Alicio de O."]
[Black "Cabezas Solano, David Alejandro"]
[WhiteFideId "2104350"]
[BlackFideId "6507522"]
[WhiteElo "2283"]
[BlackElo "2035"]
[Result "0-1"]
[Round "08"]
[TimeControl "180+1"]
[Date "2022.11.02"]
[WhiteClock "0:00:15"]
[BlackClock "0:00:07"]

1. e4 c5 2. Nf3 Nc6 3. c3 Nf6 4. e5 Nd5 5. d4 cxd4 6. Bc4 Nb6 7. Bb3 d5 8. exd6 Qxd6 9. Na3 a6 10. O-O Bg4 11. Bxf7+ Kd8 12. h3 Bxf3 13. Qxf3 Kc7 14. Bf4 e5 15. Bg3 Rd8 16. cxd4 Nxd4 17. Qe4 Nc6 18. Rac1 Kb8 19. Bb3 Be7 20. Nc4 Nxc4 21. Bxc4 Bf6 22. Bxa6 Qd4 23. Qe2 Qb6 24. Bc4 Rhe8 25. Rfd1 Nd4 26. Qe4 g6 27. Bd5 Nf5 28. Bh2 Nd6 29. Qf3 Bg7 30. Qb3 Qa6 31. Bf3 Nf5 32. Be4 Nd4 33. Rxd4 Rxd4 34. Bf3 Red8 35. Bg3 Ka7 36. Bg4 e4 37. Qf7 Bh8 38. Bf4 Rd3 39. Be3+ Bd4 40. Bxd4+ R3xd4 41. Qf4 Qb6 42. Qe3 Qxb2 43. Rf1 Qb6 44. Be2 Ra4 45. Bc4 Qxe3 46. fxe3 Rxc4 47. Rf7 Rc3 48. Rxh7 Rxe3 49. Rg7 Rd1+ 50. Kh2 Ree1 51. Rxg6 e3 52. h4 e2 53. Re6 Rh1+ 54. Kg3 e1=Q+ 55. Rxe1 Rdxe1 56. Kg4 Reg1 57. g3 Rh2 58. Kf3 Rhg2 59. Kg4 Rxg3+ 60. Kh5 Rg8 61. Kh6 Rh8# 0-1


[Site "https://www.chess.com"]

[Event "Titled Tuesday Blitz November 01 Early 2022"]
[White "Postnikov, Daniil"]
[Black "Aung Thant Zin"]
[WhiteFideId "4166329"]
[BlackFideId "13000063"]
[WhiteElo "2261"]
[BlackElo "2278"]
[Result "1-0"]
[Round "08"]
[TimeControl "180+1"]
[Date "2022.11.02"]
[WhiteClock "0:01:56"]
[BlackClock "0:00:22"]

1. d4 Nf6 2. c4 e6 3. Nf3 b6 4. g3 Ba6 5. b3 Bb4+ 6. Bd2 Be7 7. Bg2 c6 8. O-O d5 9. Ne5 Nfd7 10. Nf3 dxc4 11. Re1 cxb3 12. axb3 Bb7 13. e4 O-O 14. Nc3 Nf6 15. h4 c5 16. d5 exd5 17. e5 Ne4 18. Nxe4 dxe4 19. Ng5 Bxg5 20. hxg5 Qc7 21. Bc3 Nc6 22. Rxe4 Rfd8 23. Qh5 Qd7 24. Rh4 h6 25. gxh6 g6 26. h7+ Kg7 27. e6+ 1-0


[Site "https://www.chess.com"]

[Event "Titled Tuesday Blitz November 01 Early 2022"]
[White "Predke, Alexandr"]
[Black "Fernandez De La Vara, Arnaldo"]
[WhiteFideId "24107581"]
[BlackFideId "3518388"]
[WhiteElo "2614"]
[BlackElo "2387"]
[Result "1-0"]
[Round "08"]
[TimeControl "180+1"]
[Date "2022.11.01"]
[WhiteClock "0:00:04"]
[BlackClock "0:00:05"]

1. Nf3 Nf6 2. c4 c5 3. Nc3 Nc6 4. d4 cxd4 5. Nxd4 g6 6. e4 d6 7. Be2 Bg7 8. Be3 O-O 9. f3 Bd7 10. Qd2 Qa5 11. O-O Rfc8 12. b3 Nxd4 13. Bxd4 b5 14. Rfd1 bxc4 15. Bxc4 Bc6 16. Nd5 Qxd2 17. Rxd2 Bxd5 18. exd5 Nd7 19. Re1 Bxd4+ 20. Rxd4 Kf8 21. Bb5 Nb6 22. Bc6 Rab8 23. Rh4 h5 24. g4 hxg4 25. fxg4 e6 26. dxe6 fxe6 27. Bg2 Kg7 28. g5 e5 29. Rh6 Rh8 30. Rxh8 Rxh8 31. Rc1 Rc8 32. Rxc8 Nxc8 33. a4 a5 34. Kf2 Nb6 35. b4 axb4 36. a5 Nc4 37. a6 b3 38. a7 Nb6 39. Be4 d5 40. Bxd5 b2 41. Be4 Kf7 42. Ke2 Kg7 43. Kd2 Kf7 44. Kc2 Ke7 45. Kxb2 Kd7 46. a8=Q Nxa8 47. Bxa8 Kd6 48. Be4 1-0


[Site "https://www.chess.com"]